AoeStats
← [PSCH] R!ce

Arabia

506855687Analyzed
1v1 RM · 17d ago on Sep 15, 2026· 41m 46s· 2 players
Game mode
Random Map
Map size
Tiny (2 player)
Population
200
Speed
Normal
Resources
Standard
Victory
Conquest
Starting age
Dark Age
Ending age
Imperial Age
RankedLock teamsTeams togetherTeam positionsShared explorationLock speedFull tech treeHidden civsTurbo modeCheats
Victory
Defeat
🇮🇳 Spanish · India
1549
+14
🇨🇭 Burgundians · Switzerland
1505
-14
NaBhai
6:25 Loom
8:46 Feudal Age
8:53 Man-at-Arms
12:25 Double-Bit Axe
19:39 Castle Age
18:00 Horse Collar
18:12 Gold Mining
19:20 Fletching
20:23 Bodkin Arrow
20:41 Bow Saw
20:50 Padded Archer Armor
23:01 Wheelbarrow
24:40 Husbandry
26:10 Bloodlines
28:37 Heavy Plow
30:25 Scale Barding Armor
33:29 Stone Mining
36:24 Imperial Age
34:55 Chain Barding Armor
34:46 Forging
36:33 Cavalier
37:48 Plate Barding Armor
37:50 Iron Casting
37:09 Town Watch
37:45 Hand Cart
41:58 Blast Furnace
[PSCH] R!ce
6:47 Loom
9:18 Feudal Age
7:51 Double-Bit Axe
14:17 Bow Saw
15:44 Horse Collar
20:23 Castle Age
20:27 Scale Barding Armor
21:47 Elite Skirmisher
22:29 Padded Archer Armor
23:15 Fletching
24:29 Sanctity
25:07 Leather Archer Armor
36:17 Imperial Age
34:26 Wheelbarrow
36:00 Chain Barding Armor
35:51 Forging
35:37 Bodkin Arrow
36:32 Cavalier
37:50 Plate Barding Armor
37:42 Hand Cart
38:33 Iron Casting
39:20 Bracer
39:42 Paladin
Connection lost

Rejoining the realm…

Still unreachable

The connection could not be restored.

Session expired

The server has moved on; the page needs a fresh start.